 Dungeon Crawl Stone Soup version 0.18.1-48-g4cf74bf (webtiles) character file.

2163 Nekard the Shield-Bearer (level 9, -1/68 HPs)
             Began as a Human Berserker on Aug 20, 2016.
             Was a Believer of Trog.
             Succumbed to a killer bee's poison
             ... on level 7 of the Dungeon.
             The game lasted 01:33:48 (8860 turns).

Nekard the Shield-Bearer (Human Berserker)          Turns: 8860, Time: 01:33:49

Health: -1/68      AC: 22    Str: 23    XL:     9   Next: 57%
Magic:  9/9        EV:  4    Int:  8    God:    Trog [**....]
Gold:   419        SH: 16    Dex: 12    Spells: 0 memorised, 8 levels left

rFire  + . .     SeeInvis .     g - +3 mace (protect)
rCold  . . .     Gourm    .     q - +0 plate armour
rNeg   . . .     Faith    .     k - +0 large shield
rPois  .         Spirit   .     c - +0 helmet
rElec  .         Dismiss  .     y - +0 cloak
rCorr  .         Reflect  .     p - +0 pair of gloves
SustAt .         Harm     .     e - +0 pair of boots
MR     .....                    (no amulet)
Stlth  ..........               R - ring of protection from fire
                                f - +2 ring of strength

@: lethally poisoned (-1 -> -11), exhausted, slowed, drained, very slow, not
resistant to hostile enchantments, extremely unstealthy
A: no striking features
a: Berserk, Trog's Hand, Burn Spellbooks, Renounce Religion


You were on level 7 of the Dungeon.
You worshipped Trog.
Trog was pleased with you.
You were near starving.

You visited 2 branches of the dungeon, and saw 9 of its levels.

You collected 419 gold pieces.

Inventory:

Hand Weapons
 a - a +1 hand axe
 g - a +3 mace of protection (weapon)
 o - a +2 scythe of protection
 s - a +1 short sword of venom
 t - a +0 long sword
 x - a +4 quarterstaff of chaos
 A - a +1 scimitar of draining
 U - the +1 trident "Caejif" {holy, rElec Str+4, unknown}
   (You found it on level 7 of the Dungeon)

   It has been blessed by the Shining One to cause great damage to the undead
   and demons.
   It affects your strength (+4).
   It insulates you from electricity.
 W - a +0 spear
Missiles
 i - 186 stones
 j - 7 tomahawks (quivered)
 n - 86 sling bullets
 D - a throwing net
 I - 86 arrows
 Q - 3 tomahawks of dispersal
 T - 74 bolts
Armour
 c - a +0 helmet (worn)
 e - a +0 pair of boots (worn)
 k - a +0 large shield (worn)
 l - a +0 scale mail of fire resistance
 p - a +0 pair of gloves (worn)
 q - a +0 plate armour (worn)
 y - a +0 cloak (worn)
 P - a +0 cloak
Magical Staves
 z - an uncursed staff of air {unknown}
 O - an uncursed staff of earth
Jewellery
 f - a +2 ring of strength (left hand)
 R - a ring of protection from fire (right hand)
 Y - an uncursed ring of see invisible {unknown}
Wands
 b - a wand of iceblast (9/15)
 F - a wand of random effects (19/48)
 H - a wand of lightning (5/15)
 V - a wand of confusion (6/48)
Scrolls
 h - 8 scrolls of remove curse
 B - 3 scrolls of teleportation
 K - 2 scrolls of enchant weapon
 M - a scroll of fear {unknown}
 N - a scroll of recharging
 S - a scroll of fog
Potions
 d - a potion of brilliance {unknown}
 r - 3 potions of might
 u - a potion of magic {unknown}
 C - 2 potions of degeneration {unknown}
 J - a potion of mutation {unknown}
 L - 5 potions of curing {unknown}
Comestibles
 m - a royal jelly
 v - a slice of pizza
 w - 3 beef jerkies
 G - a bread ration
 X - a meat ration


   Skills:
 + Level 5.5(5.3) Fighting
 + Level 0.6(0.4) Short Blades
 + Level 4.0(4.7) Axes
 + Level 4.2(4.8) Maces & Flails
 + Level 1.5(1.3) Throwing
 + Level 5.4(5.2) Armour
 + Level 4.3(4.1) Dodging
 + Level 1.2(1.0) Stealth
 + Level 6.6(6.4) Shields


You had 8 spell levels left.
You didn't know any spells.

Dungeon Overview and Level Annotations

Branches:
Dungeon (8/15)             Temple (1/1) D:4
   Lair: D:8-11

Altars:
Ashenzari
Cheibriados
Dithmenos
Elyvilon
Fedhas
Gozag
Kikubaaqudgha
Nemelex Xobeh
Pakellas
Qazlal
Ru
Sif Muna
Vehumet
Xom
Yredelemnul
Zin
The Shining One


Message History

You are too injured to fight recklessly!
You are too injured to fight recklessly!
You are too injured to fight recklessly!
You are too injured to fight recklessly!
You are too injured to fight recklessly!
You are too injured to fight recklessly!
You are too injured to fight recklessly!
You are too injured to fight recklessly!
* * * LOW HITPOINT WARNING * * *
You feel sick. You block the killer bee's attack.
The killer bee barely misses you.
* * * LOW HITPOINT WARNING * * *
You feel sick.
The killer bee stings you but does no damage.
You block the killer bee's attack.
* * * LOW HITPOINT WARNING * * *
You feel sick.
The killer bee stings you but does no damage.
You block the killer bee's attack.
You die...

##########.#.# #.# #.#.#
#.# #.#.###.##
#.#.##...## #.#.#.....##
##############.#........#
...............#........#
################..y....>#
# #@#.....## # #.##....#
# #.#####.# ##########.##
#.# #...........# #.#
#.########.## #.# # ##.##
#.# #.#
######...#######.# #.#
.......#.........# #.#


You could see a killer bee.

Vanquished Creatures
  The ghost of cada the Changer, a novice NaTm of Cheibriados (D:7)
  Sigmund (D:5)
  An ice beast (D:6)
  An orc warrior (D:5)
  A phantom (D:4)
  4 ogres
  Blork the orc (D:5)
  3 giant frogs
  2 crimson imps
  4 hounds
  3 orc wizards (D:7)
  Crazy Yiuf (D:2)
  2 centaur zombies
  A jelly (D:5)
  Jessica (D:2)
  Terence (D:2)
  4 worker ants
  A hound zombie (D:7)
  2 hound skeletons
  A worker ant zombie (D:5)
  5 adders
  A shadow imp (D:6)
  An adder skeleton (D:7)
  2 worms
  3 giant geckos
  11 orcs
  4 bats
  2 giant cockroaches
  4 goblins
  4 hobgoblins
  4 jackals (D:3)
  4 kobolds
  A quokka (D:6)
  A ball python (D:1)
  3 giant newts (D:2)
  A quokka zombie (D:7)
  6 rats
  A bush (D:3)
  2 plants (D:3)
96 creatures vanquished.

Vanquished Creatures (others)
  A hydra (D:2)
1 creature vanquished.

Grand Total: 97 creatures vanquished

Notes
Turn   | Place    | Note
--------------------------------------------------------------
     0 | D:1      | Nekard the Human Berserker began the quest for the Orb.
     0 | D:1      | Reached XP level 1. HP: 18/18 MP: 1/1
   432 | D:1      | Reached XP level 2. HP: 7/24 MP: 2/2
  1016 | D:2      | Found a faded altar to an unknown god.
  1095 | D:2      | Reached XP level 3. HP: 14/29 MP: 3/3
  1642 | D:2      | Noticed Terence
  1660 | D:2      | Killed Terence
  1660 | D:2      | Reached XP level 4. HP: 24/35 MP: 4/4
  1661 | D:2      | Reached ** piety under Trog
  1890 | D:2      | Found an oddly glowing altar of Pakellas.
  1891 | D:2      | Noticed an eight-headed hydra
  1911 | D:2      | Killed an eight-headed hydra
  1999 | D:2      | Noticed Jessica
  2004 | D:2      | Killed Jessica
  2087 | D:2      | Found a shattered altar of Ashenzari.
  2181 | D:2      | Noticed Crazy Yiuf
  2187 | D:2      | Killed Crazy Yiuf
  2187 | D:2      | Reached skill level 1 in Stealth
  2187 | D:2      | Reached XP level 5. HP: 41/41 MP: 5/5
  2655 | D:3      | Reached skill level 1 in Shields
  3014 | D:4      | Found a staircase to the Ecumenical Temple.
  3058 | D:4      | Got a fabulously ornate robe
  3091 | D:4      | Noticed a phantom
  3119 | D:4      | Killed a phantom
  3119 | D:4      | Reached skill level 2 in Shields
  3119 | D:4      | Reached XP level 6. HP: 48/48 MP: 6/6
  3222 | Temple   | Entered the Ecumenical Temple
  4146 | D:4      | Found a stormy altar of Qazlal.
  4571 | D:5      | Entered Level 5 of the Dungeon
  4574 | D:5      | Noticed an ogre
  4597 | D:5      | Killed an ogre
  4597 | D:5      | Reached XP level 7. HP: 32/53 MP: 7/7
  4826 | D:5      | Found a glowing silver altar of Zin.
  4847 | D:5      | Noticed Sigmund
  4897 | D:5      | Killed Sigmund
  4897 | D:5      | Reached skill level 1 in Maces & Flails
  4897 | D:5      | Reached skill level 3 in Shields
  5357 | D:5      | Reached XP level 8. HP: 60/61 MP: 8/8
  5390 | D:5      | Found a snail-covered altar of Cheibriados.
  5395 | D:5      | Noticed Blork the orc
  5432 | D:5      | Killed Blork the orc
  5432 | D:5      | Reached skill level 4 in Shields
  5441 | D:5      | Reached skill level 1 in Throwing
  6846 | D:5      | Found a shadowy altar of Dithmenos.
  6933 | D:5      | Reached skill level 5 in Fighting
  7324 | D:6      | Found a shimmering altar of Xom.
  8049 | D:7      | Reached skill level 5 in Shields
  8153 | D:7      | Reached skill level 5 in Armour
  8153 | D:7      | Reached XP level 9. HP: 64/68 MP: 9/9
  8233 | D:7      | Noticed cada's ghost (novice NaTm)
  8261 | D:7      | Killed cada's ghost
  8261 | D:7      | Reached skill level 6 in Shields
  8362 | D:7      | Got a shimmering trident
  8832 | D:8      | Reached *** piety under Trog
  8858 | D:7      | HP: 3/68 [poisoned by a killer bee]
  8859 | D:7      | HP: 1/68 [poisoned by a killer bee]
  8860 | D:7      | Succumbed to a killer bee's poison

Skill      XL: |  1  2  3  4  5  6  7  8  9 |
---------------+----------------------------+-----
Axes           | 4 |  4.0
Stealth        | 1 |  1.2
Shields        | 2 3 5 6 |  6.6
Dodging        | 3 4 |  4.3
Armour         | 3 5 |  5.4
Fighting       | 4 5 |  5.5
Maces & Flails | 1 3 4 |  4.2
Throwing       | 1 |  1.5
Short Blades   | |  0.6

Action                   |  1- 3 |  4- 6 |  7- 9 || total
-------------------------+-------+-------+-------++-------
Melee: Hand axe          |    69 |     7 |       ||    76
       Short sword       |       |   141 |       ||   141
       Mace              |       |    32 |   271 ||   303
Throw: Tomahawk          |     6 |     9 |     8 ||    23
Invok: Berserk           |     3 |     4 |     5 ||    12
       Burn Spellbooks   |       |     1 |       ||     1
       Trog's Hand       |       |       |     5 ||     5
Evoke: Wand              |       |     1 |       ||     1
  Use: Scroll            |     6 |     8 |     4 ||    18
       Potion            |       |     4 |     3 ||     7
 Stab: Sleeping          |     1 |       |       ||     1
  Eat: Chunk             |     3 |     6 |     1 ||    10
       Bread ration      |     1 |       |       ||     1
       Fruit             |       |     4 |    17 ||    21
       Meat ration       |       |     1 |       ||     1
Armor: Animal skin       |     7 |       |       ||     7
       Scale mail        |     5 |    56 |       ||    61
       Plate armour      |       |     1 |   171 ||   172
Dodge: Dodged            |    27 |    20 |    33 ||    80
Block: Large shield      |    20 |    80 |   248 ||   348
